Login

Warheads vs Fucksticks

Created - January 21, 2024 at 11:59

Goals
1 2 3 OT1 T
Warheads 1 0 1 0 2
Fucksticks 0 1 1 1 3
Shots
1 2 3 OT1 T
Warheads 15 11 12 1 39
Fucksticks 10 17 10 2 39

GoalsPenalties
1st period
1. Warheads , Jacob Middleton 3 (Mitchell Marner 22, Brock Knuckledunker 13) at 19:21
No Penalty
2nd period
2. Fucksticks , Thomas Novak 3 (Mark Giordano 5) at 3:15
MacKenzie Weegar (FUK) for Tripping (Minor) at 7:40
Lawson Crouse (WAR) for Hooking (Minor) at 14:26
3rd period
3. Warheads , Ilya Mikheyev 8 (Nicolas Roy 14, Cam Fowler 12) at 2:04
4. Fucksticks , Thomas Novak 4 (Mark Stone 7, MacKenzie Weegar 10) at 13:52
Jack McBain (WAR) for Roughing (Minor) at 17:53
Overtime #1
5. Fucksticks , Tage Thompson 6 (Rasmus Dahlin 9) at 1:33
No Penalty
Goalie Stats
Logan Thompson (WAR), 36 saves from 39 shots - (0.923), OTL, 16-16-4, 61:34 minutes
Ilya Sorokin (FUK), 37 saves from 39 shots - (0.949), W, 21-7-2, 61:34 minutes
3 StarsOfficial
1 - Thomas Novak (FUK)
2 - Ilya Sorokin (FUK)
3 - Tage Thompson (FUK)
Referees : Unknown
Linesman : Unknown
Game Note
No Game Note
Finance
Level 1 -- Attendance: 4959 (82.65%) -- Ticket Income $495,900
Level 2 -- Attendance: 3460 (69.20%) -- Ticket Income $207,600
Level 3 -- Attendance: 1602 (80.10%) -- Ticket Income $56,070
Level 4 -- Attendance: 3099 (77.48%) -- Ticket Income $77,475
Luxury Box -- Attendance: 1000 (100.00%) -- Ticket Income $200,000
Game was played at the Highlander Center.
Total Attendance: 14120 (78.44%)
Total Ticket Income: $1,037,045
Other Income: $414,818
Total Income: $1,451,863



Team Name Goals Shots Shots Attemp Shots Blocked PIM HIT PP PK FO%
Warheads 2397944230 / 1 (0%)051%
Fucksticks 33969112300 / 2 (0%)049%

Warheads
Player Name POS G A P +/- PIM HIT SHT SB MP PP MP PP SHT PK MP PK SHT FO% FOT
Andrew CoppC/LW/RW000-100007:000:0000:0000% 0
Brock KnuckledunkerC/LW0111012018:541:0402:32046% 28
Cam FowlerD0111020119:500:5501:5900% 0
Damon SeversonD000-100006:320:0000:0000% 0
Ilya MikheyevLW/RW1010003016:360:0000:4600% 3
Jack McBainC/LW0000244016:271:0400:400100% 1
Jacob MiddletonD1011011017:391:0401:5900% 0
Jake WalmanD000-1031116:260:0000:0000% 0
Jeff CarterC/RW000-100107:000:0000:00067% 12
Jeremy LauzonD000-1042024:511:0401:5900% 0
John MarinoD0001021019:500:5501:5900% 0
Lawson CrouseLW/RW0000211017:530:5500:0000% 0
Lucas RaymondRW0000001017:540:5500:0000% 0
Lukas ReichelLW/RW0000003015:500:0000:0000% 0
Mitchell MarnerRW01100110025:541:0412:32013% 8
Nicolas RoyC/LW/RW0110044015:500:0000:00058% 19
Robert ThomasC/RW000-1003119:500:5511:26058% 26
Timothy LiljegrenD000-1002116:260:0000:0000% 0
Fucksticks
Player Name POS G A P +/- PIM HIT SHT SB MP PP MP PP SHT PK MP PK SHT FO% FOT
Alex DeBrincatLW/RW000-1035018:292:0310:00050% 2
Andrei KuzmenkoLW0001013015:380:0000:0000% 1
Connor McDavidC0000014026:161:5501:18061% 36
David PastrnakRW0000008018:541:5531:180100% 1
Dawson MercerRW000000007:220:0000:0000% 0
J.J. MoserD000-1020116:060:0000:3800% 0
John CarlsonD0001030118:351:4600:3800% 0
Kyle ConnorLW0000020019:402:0300:4100% 1
MacKenzie WeegarD0111272017:561:4610:0000% 0
Mark GiordanoD011-1050115:280:0000:0000% 0
Mark StoneRW0111011015:380:0000:0000% 0
Matthew BeniersC000-1002018:292:0300:00029% 24
Mulvinder BitchTitsD0000028627:012:1251:2100% 0
Patrice BergeronC000002207:220:0000:00055% 11
Quinn HughesD000000007:280:0000:0000% 0
Rasmus DahlinD0111000218:592:1201:2100% 0
Tage ThompsonC/LW/RW1011012017:431:5500:4100% 1
Thomas NovakC2021002015:380:0000:00055% 20

Warheads

5 vs 5 Forward
Line #Left WingCenterRight WingPHYDFOFWanted %Time %Time Play
1Jack McBainBrock KnuckledunkerMitchell Marner1223026%14:14
2Lawson CrouseRobert ThomasLucas Raymond1222831%16:59
3Lukas ReichelNicolas RoyIlya Mikheyev1222629%15:50
4Andrew CoppJeff CarterMitchell Marner1221613%7:00
5 vs 5 Defense
Line #DefenseDefensePHYDFOFWanted %Time %Time Play
1Jeremy LauzonJacob Middleton1223026%14:09
2John MarinoCam Fowler1222831%16:56
3Jake WalmanTimothy Liljegren1222630%16:26
4Damon SeversonJeremy Lauzon1221612%6:32
Power Play Forward
Line #Left WingCenterRight WingPHYDFOFWanted %Time %Time Play
1Jack McBainBrock KnuckledunkerMitchell Marner1225554%1:04
2Lawson CrouseRobert ThomasLucas Raymond1224546%0:55
Power Play Defense
Line #DefenseDefensePHYDFOFWanted %Time %Time Play
1Jeremy LauzonJacob Middleton1225554%1:04
2John MarinoCam Fowler1224546%0:55
Penalty Kill 4 Players Forward
Line #CenterWingPHYDFOFWanted %Time %Time Play
1Mitchell MarnerBrock Knuckledunker1225564%2:32
2Robert ThomasJack McBain1224536%1:26
Penalty Kill 4 Players Defense
Line #DefenseDefensePHYDFOFWanted %Time %Time Play
1Jeremy LauzonJacob Middleton1225550%1:59
2John MarinoCam Fowler1224550%1:59
Penalty Kill 3 Players
Line #WingPHYDFOFWanted %Time %Time PlayDefenseDefensePHYDFOFWanted %Time %Time Play
1Mitchell Marner122550%0:00 Jeremy LauzonJacob Middleton122550%0:00
2Brock Knuckledunker122450%0:00 John MarinoCam Fowler122450%0:00
4 vs 4 Forward
Line #CenterWingPHYDFOFWanted %Time %Time Play
1Mitchell MarnerBrock Knuckledunker122550%0:00
2Robert ThomasJack McBain122450%0:00
4 vs 4 Defense
Line #DefensePHYDFOFWanted %Time %Time Play
1Jeremy LauzonJacob Middleton122550%0:00
2John MarinoCam Fowler122450%0:00
Last Minutes Offensive
Left WingCenterRight WingDefenseDefense
Jack McBainBrock KnuckledunkerMitchell MarnerJeremy LauzonJacob Middleton
Last Minutes Defensive
Left WingCenterRight WingDefenseDefense
Jack McBainBrock KnuckledunkerMitchell MarnerJeremy LauzonJacob Middleton
Time
Total ForwardTotal DefenseLast Minutes OffensiveLast Minutes Defensive
60:00 60:00 0:000:00
Extra Forwards
Normal PowerPlayPenalty Kill
Lukas Reichel, Nicolas Roy, Ilya MikheyevLukas Reichel, Nicolas RoyIlya Mikheyev
Extra Defensemen
Normal PowerPlayPenalty Kill
Jake Walman, Timothy Liljegren, Damon SeversonJake Walman, Timothy LiljegrenDamon Severson
Penalty Shots
Mitchell Marner, Brock Knuckledunker, Robert Thomas, Jack McBain, Lucas Raymond
Goalie
Logan Thompson, Adin Hill
Custom OT Lines Forwards
Mitchell Marner, Brock Knuckledunker, Robert Thomas, Jack McBain, Lucas Raymond, Lawson Crouse, Lukas Reichel, Nicolas Roy, Ilya Mikheyev, Jeff Carter
Custom OT Lines Defensemen
Jeremy Lauzon, Jacob Middleton, John Marino, Cam Fowler, Jake Walman
Scratches
Jordan Greenway (Healthy), Radek Faksa (Healthy)

Fucksticks

5 vs 5 Forward
Line #Left WingCenterRight WingPHYDFOFWanted %Time %Time Play
1Tage ThompsonConnor McDavidDavid Pastrnak1223027%14:37
2Kyle ConnorMatthew BeniersAlex DeBrincat1222830%16:26
3Andrei KuzmenkoThomas NovakMark Stone1222629%15:38
4Connor McDavidPatrice BergeronDawson Mercer1221614%7:22
5 vs 5 Defense
Line #DefenseDefensePHYDFOFWanted %Time %Time Play
1Mulvinder BitchTitsRasmus Dahlin1223028%14:56
2John CarlsonMacKenzie Weegar1222830%16:11
3Mark GiordanoJ.J. Moser1222629%15:28
4Quinn HughesMulvinder BitchTits1221614%7:28
Power Play Forward
Line #Left WingCenterRight WingPHYDFOFWanted %Time %Time Play
1Tage ThompsonConnor McDavidDavid Pastrnak1225548%1:55
2Kyle ConnorMatthew BeniersAlex DeBrincat1224552%2:03
Power Play Defense
Line #DefenseDefensePHYDFOFWanted %Time %Time Play
1Mulvinder BitchTitsRasmus Dahlin1225555%2:12
2John CarlsonMacKenzie Weegar1224545%1:46
Penalty Kill 4 Players Forward
Line #CenterWingPHYDFOFWanted %Time %Time Play
1Connor McDavidDavid Pastrnak1225566%1:18
2Tage ThompsonKyle Connor1224534%0:41
Penalty Kill 4 Players Defense
Line #DefenseDefensePHYDFOFWanted %Time %Time Play
1Mulvinder BitchTitsRasmus Dahlin1225568%1:21
2John CarlsonMacKenzie Weegar1224532%0:38
Penalty Kill 3 Players
Line #WingPHYDFOFWanted %Time %Time PlayDefenseDefensePHYDFOFWanted %Time %Time Play
1Connor McDavid122550%0:00 Mulvinder BitchTitsRasmus Dahlin122550%0:00
2David Pastrnak122450%0:00 John CarlsonMacKenzie Weegar122450%0:00
4 vs 4 Forward
Line #CenterWingPHYDFOFWanted %Time %Time Play
1Connor McDavidDavid Pastrnak122550%0:00
2Tage ThompsonKyle Connor122450%0:00
4 vs 4 Defense
Line #DefensePHYDFOFWanted %Time %Time Play
1Mulvinder BitchTitsRasmus Dahlin122550%0:00
2John CarlsonMacKenzie Weegar122450%0:00
Last Minutes Offensive
Left WingCenterRight WingDefenseDefense
Tage ThompsonConnor McDavidDavid PastrnakMulvinder BitchTitsRasmus Dahlin
Last Minutes Defensive
Left WingCenterRight WingDefenseDefense
Tage ThompsonConnor McDavidDavid PastrnakMulvinder BitchTitsRasmus Dahlin
Time
Total ForwardTotal DefenseLast Minutes OffensiveLast Minutes Defensive
60:00 60:00 0:000:00
Extra Forwards
Normal PowerPlayPenalty Kill
Andrei Kuzmenko, Mark Stone, Thomas NovakAndrei Kuzmenko, Mark StoneThomas Novak
Extra Defensemen
Normal PowerPlayPenalty Kill
Mark Giordano, J.J. Moser, Quinn HughesMark Giordano, J.J. MoserQuinn Hughes
Penalty Shots
Connor McDavid, David Pastrnak, Tage Thompson, Kyle Connor, Andrei Kuzmenko
Goalie
Ilya Sorokin, Jeremy Swayman
Custom OT Lines Forwards
Connor McDavid, David Pastrnak, Tage Thompson, Kyle Connor, Andrei Kuzmenko, Alex DeBrincat, Mark Stone, Matthew Beniers, Thomas Novak, Dawson Mercer
Custom OT Lines Defensemen
Mulvinder BitchTits, Rasmus Dahlin, John Carlson, MacKenzie Weegar, Mark Giordano
Scratches
Kaapo Kakko (Healthy), Trent Frederic (Healthy)


Play-by-Play

1st period


0:01 of 1st period - Connor McDavid wins face-off versus Brock Knuckledunker in neutral zone.
0:13 of 1st period - Brock Knuckledunker is hit by Mulvinder BitchTits and loses puck.
0:19 of 1st period - Icing by Rasmus Dahlin.
0:20 of 1st period - Connor McDavid wins face-off versus Robert Thomas in Fucksticks zone.
1:29 of 1st period - Alex DeBrincat is hit by Jake Walman and loses puck.
2:29 of 1st period - Shot by Andrei Kuzmenko.
2:29 of 1st period - Stopped by Logan Thompson without a rebound.
2:30 of 1st period - Patrice Bergeron wins face-off versus Brock Knuckledunker in Warheads zone.
2:30 of 1st period - Patrice Bergeron is hit by Jeremy Lauzon.
2:56 of 1st period - Shot by Mitchell Marner.
2:56 of 1st period - Stopped by Ilya Sorokin without a rebound.
2:57 of 1st period - Robert Thomas wins face-off versus Matthew Beniers in Fucksticks zone.
3:43 of 1st period - Off-side.
3:44 of 1st period - Jeff Carter wins face-off versus Thomas Novak in neutral zone.
3:52 of 1st period - Andrew Copp is hit by Mark Giordano and loses puck.
4:15 of 1st period - Shot by Mark Stone.
4:15 of 1st period - Stopped by Logan Thompson without a rebound.
4:16 of 1st period - Nicolas Roy wins face-off versus Patrice Bergeron in Warheads zone.
4:16 of 1st period - Nicolas Roy is hit by Patrice Bergeron.
4:28 of 1st period - Shot by Lukas Reichel.
4:28 of 1st period - Shot Hit the Post.
4:53 of 1st period - Shot by Patrice Bergeron.
4:53 of 1st period - Stopped by Logan Thompson without a rebound.
4:54 of 1st period - Brock Knuckledunker wins face-off versus Thomas Novak in Warheads zone.
5:04 of 1st period - Shot by Jack McBain.
5:04 of 1st period - Stopped by Ilya Sorokin without a rebound.
5:05 of 1st period - Jeff Carter wins face-off versus Matthew Beniers in Fucksticks zone.
5:10 of 1st period - Shot by Mitchell Marner.
5:10 of 1st period - Shot Misses the Net.
5:12 of 1st period - Shot by Jeremy Lauzon.
5:12 of 1st period - Stopped by Ilya Sorokin without a rebound.
5:13 of 1st period - Connor McDavid wins face-off versus Brock Knuckledunker in Fucksticks zone.
5:17 of 1st period - Mulvinder BitchTits is hit by Jeremy Lauzon and loses puck.
6:14 of 1st period - Icing by Cam Fowler.
6:15 of 1st period - Thomas Novak wins face-off versus Robert Thomas in Warheads zone.
6:32 of 1st period - Shot by Robert Thomas.
6:32 of 1st period - Stopped by Ilya Sorokin with a rebound.
6:35 of 1st period - Icing by J.J. Moser.
6:36 of 1st period - Thomas Novak wins face-off versus Nicolas Roy in Fucksticks zone.
6:50 of 1st period - Icing by Timothy Liljegren.
6:51 of 1st period - Nicolas Roy wins face-off versus Matthew Beniers in Warheads zone.
7:06 of 1st period - Shot by Alex DeBrincat.
7:06 of 1st period - Stopped by Logan Thompson without a rebound.
7:07 of 1st period - Jeff Carter wins face-off versus Patrice Bergeron in Warheads zone.
7:58 of 1st period - Icing by Jeremy Lauzon.
7:59 of 1st period - Jeff Carter wins face-off versus Alex DeBrincat in Warheads zone.
8:24 of 1st period - Shot by Alex DeBrincat.
8:24 of 1st period - Stopped by Logan Thompson without a rebound.
8:25 of 1st period - Nicolas Roy wins face-off versus Thomas Novak in Warheads zone.
8:30 of 1st period - Shot by Nicolas Roy.
8:30 of 1st period - Shot Misses the Net.
8:32 of 1st period - Shot by Timothy Liljegren.
8:32 of 1st period - Stopped by Ilya Sorokin without a rebound.
8:33 of 1st period - Connor McDavid wins face-off versus Robert Thomas in Fucksticks zone.
8:46 of 1st period - Shot by Lawson Crouse.
8:46 of 1st period - Deflect By Robert Thomas.
8:46 of 1st period - Stopped by Ilya Sorokin with a rebound.
9:11 of 1st period - Icing by Mulvinder BitchTits.
9:12 of 1st period - Brock Knuckledunker wins face-off versus Connor McDavid in Fucksticks zone.
9:17 of 1st period - Shot by Mitchell Marner.
9:17 of 1st period - Shot Misses the Net.
9:19 of 1st period - Shot by Jack McBain.
9:19 of 1st period - Stopped by Ilya Sorokin without a rebound.
9:20 of 1st period - Thomas Novak wins face-off versus Brock Knuckledunker in Fucksticks zone.
9:39 of 1st period - Shot by Mitchell Marner.
9:39 of 1st period - Stopped by Ilya Sorokin with a rebound.
9:44 of 1st period - Icing by Thomas Novak.
9:45 of 1st period - Thomas Novak wins face-off versus Nicolas Roy in Fucksticks zone.
9:45 of 1st period - Thomas Novak is hit by Nicolas Roy.
10:25 of 1st period - Shot by Timothy Liljegren.
10:25 of 1st period - Stopped by Ilya Sorokin without a rebound.
10:26 of 1st period - Connor McDavid wins face-off versus Brock Knuckledunker in Fucksticks zone.
10:26 of 1st period - Connor McDavid is hit by Jack McBain.
10:29 of 1st period - David Pastrnak is hit by Brock Knuckledunker and loses puck.
10:34 of 1st period - Shot by David Pastrnak.
10:34 of 1st period - Stopped by Logan Thompson without a rebound.
10:35 of 1st period - Matthew Beniers wins face-off versus Brock Knuckledunker in Warheads zone.
12:21 of 1st period - Icing by John Carlson.
12:22 of 1st period - Connor McDavid wins face-off versus Nicolas Roy in Fucksticks zone.
12:39 of 1st period - Shot by Lukas Reichel.
12:39 of 1st period - Shot Hit the Post.
12:41 of 1st period - Shot by Lukas Reichel.
12:41 of 1st period - Shot Misses the Net.
12:45 of 1st period - Shot by Nicolas Roy.
12:45 of 1st period - Shot Blocked by J.J. Moser.
12:49 of 1st period - Shot by Nicolas Roy.
12:49 of 1st period - Shot Misses the Net.
12:51 of 1st period - Shot by Nicolas Roy.
12:51 of 1st period - Stopped by Ilya Sorokin with a rebound.
13:13 of 1st period - Shot by Mitchell Marner.
13:13 of 1st period - Stopped by Ilya Sorokin with a rebound.
14:06 of 1st period - Kyle Connor is hit by Jeremy Lauzon and loses puck.
14:11 of 1st period - Shot by Alex DeBrincat.
14:11 of 1st period - Shot Misses the Net.
14:42 of 1st period - Patrice Bergeron is hit by Cam Fowler.
14:48 of 1st period - Shot by Patrice Bergeron.
14:48 of 1st period - Stopped by Logan Thompson without a rebound.
14:49 of 1st period - Nicolas Roy wins face-off versus Connor McDavid in Warheads zone.
15:02 of 1st period - Shot by Tage Thompson.
15:02 of 1st period - Shot Misses the Net.
15:04 of 1st period - Shot by Connor McDavid.
15:04 of 1st period - Shot Misses the Net.
15:26 of 1st period - Lukas Reichel is hit by MacKenzie Weegar and loses puck.
15:58 of 1st period - Icing by Mark Giordano.
15:59 of 1st period - Brock Knuckledunker wins face-off versus Thomas Novak in Fucksticks zone.
16:54 of 1st period - Shot by Mulvinder BitchTits.
16:54 of 1st period - Stopped by Logan Thompson without a rebound.
16:55 of 1st period - Patrice Bergeron wins face-off versus Robert Thomas in Warheads zone.
16:58 of 1st period - Shot by Quinn Hughes.
16:58 of 1st period - Shot Blocked by Jake Walman.
17:00 of 1st period - Shot by Mulvinder BitchTits.
17:00 of 1st period - Stopped by Logan Thompson without a rebound.
17:01 of 1st period - Patrice Bergeron wins face-off versus Ilya Mikheyev in Warheads zone.
17:21 of 1st period - Shot by Ilya Mikheyev.
17:21 of 1st period - Shot Blocked by Mulvinder BitchTits.
17:23 of 1st period - Shot by Jake Walman.
17:23 of 1st period - Shot Misses the Net.
17:25 of 1st period - Shot by Jake Walman.
17:25 of 1st period - Shot Misses the Net.
17:27 of 1st period - Shot by Jake Walman.
17:27 of 1st period - Stopped by Ilya Sorokin without a rebound.
17:28 of 1st period - Robert Thomas wins face-off versus Matthew Beniers in Fucksticks zone.
17:29 of 1st period - Shot by Lawson Crouse.
17:29 of 1st period - Stopped by Ilya Sorokin without a rebound.
17:30 of 1st period - Brock Knuckledunker wins face-off versus Matthew Beniers in Fucksticks zone.
17:30 of 1st period - Brock Knuckledunker is hit by MacKenzie Weegar.
17:50 of 1st period - Shot by Matthew Beniers.
17:50 of 1st period - Shot Misses the Net.
17:52 of 1st period - Shot by Alex DeBrincat.
17:52 of 1st period - Stopped by Logan Thompson without a rebound.
17:53 of 1st period - Connor McDavid wins face-off versus Robert Thomas in Warheads zone.
17:59 of 1st period - Tage Thompson is hit by John Marino and loses puck.
18:07 of 1st period - Connor McDavid is hit by John Marino and loses puck.
18:51 of 1st period - Off-side.
18:52 of 1st period - Brock Knuckledunker wins face-off versus Matthew Beniers in neutral zone.
18:59 of 1st period - Shot by Brock Knuckledunker.
18:59 of 1st period - Stopped by Ilya Sorokin without a rebound.
19:00 of 1st period - Brock Knuckledunker wins face-off versus Matthew Beniers in Fucksticks zone.
19:19 of 1st period - Shot by Brock Knuckledunker.
19:19 of 1st period - Deflect By Mitchell Marner.
19:19 of 1st period - Shot Hit the Post.
19:21 of 1st period - Shot by Jacob Middleton.
19:21 of 1st period - Goal by Jacob Middleton - Warheads : 1 - Fucksticks : 0.
19:22 of 1st period - Nicolas Roy wins face-off versus Connor McDavid in neutral zone.
19:22 of 1st period - Nicolas Roy is hit by Patrice Bergeron.
19:58 of 1st period - Shot by Connor McDavid.
19:58 of 1st period - Shot Misses the Net.
Goals for this period are 1 for Warheads vs 0 for Fucksticks.
Shots for this period are 15 for Warheads vs 10 for Fucksticks.

2nd period


0:01 of 2nd period - Brock Knuckledunker wins face-off versus Connor McDavid in neutral zone.
0:03 of 2nd period - Off-side.
0:04 of 2nd period - Connor McDavid wins face-off versus Brock Knuckledunker in neutral zone.
0:11 of 2nd period - Shot by David Pastrnak.
0:11 of 2nd period - Stopped by Logan Thompson without a rebound.
0:12 of 2nd period - Connor McDavid wins face-off versus Brock Knuckledunker in Warheads zone.
1:35 of 2nd period - Shot by Matthew Beniers.
1:35 of 2nd period - Stopped by Logan Thompson with a rebound.
2:03 of 2nd period - J.J. Moser is hit by Jack McBain and loses puck.
2:15 of 2nd period - Off-side.
2:16 of 2nd period - Robert Thomas wins face-off versus Patrice Bergeron in neutral zone.
2:36 of 2nd period - Shot by Mulvinder BitchTits.
2:36 of 2nd period - Stopped by Logan Thompson without a rebound.
2:37 of 2nd period - Thomas Novak wins face-off versus Nicolas Roy in Warheads zone.
2:37 of 2nd period - J.J. Moser is hit by Jake Walman and loses puck.
2:41 of 2nd period - Icing by Timothy Liljegren.
2:42 of 2nd period - Thomas Novak wins face-off versus Nicolas Roy in Warheads zone.
2:42 of 2nd period - Mark Stone is hit by Jake Walman and loses puck.
3:15 of 2nd period - Shot by Thomas Novak.
3:15 of 2nd period - Goal by Thomas Novak - Warheads : 1 - Fucksticks : 1.
3:16 of 2nd period - Connor McDavid wins face-off versus Robert Thomas in neutral zone.
3:27 of 2nd period - Shot by David Pastrnak.
3:27 of 2nd period - Shot Misses the Net.
3:29 of 2nd period - Shot by Rasmus Dahlin.
3:29 of 2nd period - Shot Misses the Net.
3:58 of 2nd period - Shot by Connor McDavid.
3:58 of 2nd period - Stopped by Logan Thompson with a rebound.
4:01 of 2nd period - Icing by Lawson Crouse.
4:02 of 2nd period - Matthew Beniers wins face-off versus Robert Thomas in Warheads zone.
4:14 of 2nd period - Icing by MacKenzie Weegar.
4:15 of 2nd period - Matthew Beniers wins face-off versus Jeff Carter in Fucksticks zone.
4:24 of 2nd period - Shot by Matthew Beniers.
4:24 of 2nd period - Stopped by Logan Thompson without a rebound.
4:25 of 2nd period - Nicolas Roy wins face-off versus Thomas Novak in Warheads zone.
5:37 of 2nd period - Shot by Mitchell Marner.
5:37 of 2nd period - Shot Misses the Net.
5:57 of 2nd period - John Marino is hit by Andrei Kuzmenko and loses puck.
6:08 of 2nd period - Shot by Lucas Raymond.
6:08 of 2nd period - Stopped by Ilya Sorokin without a rebound.
6:09 of 2nd period - Patrice Bergeron wins face-off versus Brock Knuckledunker in Fucksticks zone.
6:29 of 2nd period - Shot by Jacob Middleton.
6:29 of 2nd period - Shot Blocked by Mulvinder BitchTits.
6:31 of 2nd period - Shot by Jeremy Lauzon.
6:31 of 2nd period - Shot Blocked by Mulvinder BitchTits.
6:33 of 2nd period - Shot by Jack McBain.
6:33 of 2nd period - Stopped by Ilya Sorokin without a rebound.
6:34 of 2nd period - Matthew Beniers wins face-off versus Robert Thomas in Fucksticks zone.
7:13 of 2nd period - Icing by Matthew Beniers.
7:14 of 2nd period - Nicolas Roy wins face-off versus Matthew Beniers in Fucksticks zone.
7:14 of 2nd period - Jake Walman is hit by John Carlson and loses puck.
7:31 of 2nd period - Jake Walman is hit by MacKenzie Weegar and loses puck.
7:40 of 2nd period - Shot by Nicolas Roy.
7:40 of 2nd period - Stopped by Ilya Sorokin without a rebound.
7:40 of 2nd period - Minor Penalty to MacKenzie Weegar for Tripping.
7:41 of 2nd period - Connor McDavid wins face-off versus Brock Knuckledunker in Fucksticks zone.
7:54 of 2nd period - Shot by Jacob Middleton.
7:54 of 2nd period - Shot Blocked by Mulvinder BitchTits.
7:58 of 2nd period - Shot by Mitchell Marner.
7:58 of 2nd period - Stopped by Ilya Sorokin without a rebound.
7:59 of 2nd period - Robert Thomas wins face-off versus Connor McDavid in Fucksticks zone.
8:04 of 2nd period - Shot by Lucas Raymond.
8:04 of 2nd period - Shot Misses the Net.
8:06 of 2nd period - Shot by Robert Thomas.
8:06 of 2nd period - Stopped by Ilya Sorokin without a rebound.
8:07 of 2nd period - Connor McDavid wins face-off versus Brock Knuckledunker in Fucksticks zone.
8:07 of 2nd period - Connor McDavid is hit by Jack McBain.
9:04 of 2nd period - Shot by Robert Thomas.
9:04 of 2nd period - Shot Misses the Net.
9:27 of 2nd period - Shot by John Marino.
9:27 of 2nd period - Shot Misses the Net.
9:33 of 2nd period - Shot by Cam Fowler.
9:33 of 2nd period - Shot Blocked by Mulvinder BitchTits.
10:30 of 2nd period - Off-side.
10:31 of 2nd period - Brock Knuckledunker wins face-off versus Patrice Bergeron in neutral zone.
10:35 of 2nd period - Jack McBain is hit by Mark Giordano.
10:53 of 2nd period - Jeremy Lauzon is hit by Mark Giordano and loses puck.
11:07 of 2nd period - Brock Knuckledunker is hit by J.J. Moser and loses puck.
11:49 of 2nd period - Shot by Kyle Connor.
11:49 of 2nd period - Shot Misses the Net.
12:45 of 2nd period - Shot by Andrei Kuzmenko.
12:45 of 2nd period - Stopped by Logan Thompson without a rebound.
12:46 of 2nd period - Brock Knuckledunker wins face-off versus Connor McDavid in Warheads zone.
13:08 of 2nd period - Shot by Brock Knuckledunker.
13:08 of 2nd period - Stopped by Ilya Sorokin without a rebound.
13:09 of 2nd period - Jeff Carter wins face-off versus Thomas Novak in Fucksticks zone.
13:09 of 2nd period - Mitchell Marner is hit by John Carlson and loses puck.
13:30 of 2nd period - Shot by John Carlson.
13:30 of 2nd period - Shot Misses the Net.
13:43 of 2nd period - Icing by Jake Walman.
13:44 of 2nd period - Connor McDavid wins face-off versus Jeff Carter in Warheads zone.
13:45 of 2nd period - Shot by Tage Thompson.
13:45 of 2nd period - Deflect By Connor McDavid.
13:45 of 2nd period - Stopped by Logan Thompson without a rebound.
13:46 of 2nd period - Robert Thomas wins face-off versus Connor McDavid in Warheads zone.
14:26 of 2nd period - Minor Penalty to Lawson Crouse for Hooking.
14:27 of 2nd period - Matthew Beniers wins face-off versus Mitchell Marner in Warheads zone.
14:46 of 2nd period - Shot by Alex DeBrincat.
14:46 of 2nd period - Shot Misses the Net.
14:48 of 2nd period - Shot by Matthew Beniers.
14:48 of 2nd period - Shot Misses the Net.
14:50 of 2nd period - Shot by John Carlson.
14:50 of 2nd period - Shot Hit the Post.
14:58 of 2nd period - Shot by Alex DeBrincat.
14:58 of 2nd period - Stopped by Logan Thompson with a rebound.
15:00 of 2nd period - Shot by MacKenzie Weegar.
15:00 of 2nd period - Stopped by Logan Thompson without a rebound.
15:01 of 2nd period - Robert Thomas wins face-off versus Connor McDavid in Warheads zone.
15:01 of 2nd period - Robert Thomas is hit by Connor McDavid.
15:08 of 2nd period - Icing by David Pastrnak.
15:09 of 2nd period - Connor McDavid wins face-off versus Mitchell Marner in Fucksticks zone.
15:16 of 2nd period - Shot by Mulvinder BitchTits.
15:16 of 2nd period - Stopped by Logan Thompson without a rebound.
15:17 of 2nd period - Mitchell Marner wins face-off versus Matthew Beniers in Warheads zone.
15:45 of 2nd period - Shot by Kyle Connor.
15:45 of 2nd period - Shot Misses the Net.
15:47 of 2nd period - Shot by Mulvinder BitchTits.
15:47 of 2nd period - Stopped by Logan Thompson without a rebound.
15:48 of 2nd period - Connor McDavid wins face-off versus Robert Thomas in Warheads zone.
15:57 of 2nd period - Shot by David Pastrnak.
15:57 of 2nd period - Stopped by Logan Thompson with a rebound.
15:59 of 2nd period - Shot by Connor McDavid.
15:59 of 2nd period - Shot Misses the Net.
16:07 of 2nd period - Shot by Tage Thompson.
16:07 of 2nd period - Shot Blocked by Robert Thomas.
16:09 of 2nd period - Shot by David Pastrnak.
16:09 of 2nd period - Stopped by Logan Thompson without a rebound.
16:10 of 2nd period - Matthew Beniers wins face-off versus Mitchell Marner in Warheads zone.
16:13 of 2nd period - Shot by Mulvinder BitchTits.
16:13 of 2nd period - Shot Misses the Net.
16:15 of 2nd period - Shot by Alex DeBrincat.
16:15 of 2nd period - Shot Misses the Net.
16:17 of 2nd period - Shot by Mulvinder BitchTits.
16:17 of 2nd period - Stopped by Logan Thompson without a rebound.
16:18 of 2nd period - Connor McDavid wins face-off versus Mitchell Marner in Warheads zone.
16:21 of 2nd period - Shot by Connor McDavid.
16:21 of 2nd period - Deflect By David Pastrnak.
16:21 of 2nd period - Stopped by Logan Thompson with a rebound.
16:23 of 2nd period - Shot by Mulvinder BitchTits.
16:23 of 2nd period - Stopped by Logan Thompson without a rebound.
16:24 of 2nd period - David Pastrnak wins face-off versus Mitchell Marner in Warheads zone.
16:31 of 2nd period - Shot by Ilya Mikheyev.
16:31 of 2nd period - Shot Misses the Net.
16:33 of 2nd period - Shot by Nicolas Roy.
16:33 of 2nd period - Shot Misses the Net.
16:35 of 2nd period - Shot by John Marino.
16:35 of 2nd period - Shot Blocked by John Carlson.
16:37 of 2nd period - Shot by Nicolas Roy.
16:37 of 2nd period - Stopped by Ilya Sorokin without a rebound.
16:38 of 2nd period - Brock Knuckledunker wins face-off versus Connor McDavid in Fucksticks zone.
17:13 of 2nd period - Shot by Brock Knuckledunker.
17:13 of 2nd period - Shot Hit the Post.
17:15 of 2nd period - Shot by Jeremy Lauzon.
17:15 of 2nd period - Stopped by Ilya Sorokin without a rebound.
17:16 of 2nd period - Nicolas Roy wins face-off versus Matthew Beniers in Fucksticks zone.
17:16 of 2nd period - Lukas Reichel is hit by MacKenzie Weegar and loses puck.
17:19 of 2nd period - Shot by John Marino.
17:19 of 2nd period - Stopped by Ilya Sorokin without a rebound.
17:20 of 2nd period - Robert Thomas wins face-off versus Matthew Beniers in Fucksticks zone.
17:20 of 2nd period - Lawson Crouse is hit by John Carlson and loses puck.
17:34 of 2nd period - Shot by John Carlson.
17:34 of 2nd period - Shot Blocked by Cam Fowler.
17:51 of 2nd period - Shot by Lucas Raymond.
17:51 of 2nd period - Shot Misses the Net.
17:54 of 2nd period - Icing by MacKenzie Weegar.
17:55 of 2nd period - Brock Knuckledunker wins face-off versus Matthew Beniers in Fucksticks zone.
17:56 of 2nd period - Shot by Jack McBain.
17:56 of 2nd period - Stopped by Ilya Sorokin without a rebound.
17:57 of 2nd period - Connor McDavid wins face-off versus Brock Knuckledunker in Fucksticks zone.
18:04 of 2nd period - Shot by Brock Knuckledunker.
18:04 of 2nd period - Shot Misses the Net.
18:11 of 2nd period - Shot by Jack McBain.
18:11 of 2nd period - Shot Misses the Net.
18:13 of 2nd period - Shot by Mitchell Marner.
18:13 of 2nd period - Stopped by Ilya Sorokin without a rebound.
18:14 of 2nd period - Thomas Novak wins face-off versus Nicolas Roy in Fucksticks zone.
Goals for this period are 0 for Warheads vs 1 for Fucksticks.
Shots for this period are 11 for Warheads vs 17 for Fucksticks.

3rd period


0:01 of 3rd period - Jeff Carter wins face-off versus Connor McDavid in neutral zone.
0:16 of 3rd period - Shot by David Pastrnak.
0:16 of 3rd period - Stopped by Logan Thompson without a rebound.
0:17 of 3rd period - Robert Thomas wins face-off versus Matthew Beniers in Warheads zone.
0:17 of 3rd period - Robert Thomas is hit by Kyle Connor.
0:23 of 3rd period - Jake Walman is hit by Alex DeBrincat and loses puck.
0:35 of 3rd period - Lucas Raymond is hit by MacKenzie Weegar and loses puck.
0:38 of 3rd period - Shot by Lawson Crouse.
0:38 of 3rd period - Shot Misses the Net.
0:40 of 3rd period - Shot by Robert Thomas.
0:40 of 3rd period - Shot Misses the Net.
0:42 of 3rd period - Shot by Lawson Crouse.
0:42 of 3rd period - Deflect By Robert Thomas.
0:42 of 3rd period - Shot Misses the Net.
0:55 of 3rd period - Lawson Crouse is hit by MacKenzie Weegar and loses puck.
1:27 of 3rd period - Shot by Mitchell Marner.
1:27 of 3rd period - Deflect By Brock Knuckledunker.
1:27 of 3rd period - Shot Blocked by Rasmus Dahlin.
1:49 of 3rd period - Shot by David Pastrnak.
1:49 of 3rd period - Deflect By Tage Thompson.
1:49 of 3rd period - Stopped by Logan Thompson without a rebound.
1:50 of 3rd period - Thomas Novak wins face-off versus Nicolas Roy in Warheads zone.
1:50 of 3rd period - Thomas Novak is hit by Cam Fowler.
2:02 of 3rd period - Shot by Nicolas Roy.
2:02 of 3rd period - Stopped by Ilya Sorokin with a rebound.
2:04 of 3rd period - Shot by Ilya Mikheyev.
2:04 of 3rd period - Goal by Ilya Mikheyev - Warheads : 2 - Fucksticks : 1.
2:05 of 3rd period - Robert Thomas wins face-off versus Patrice Bergeron in neutral zone.
2:14 of 3rd period - Shot by Connor McDavid.
2:14 of 3rd period - Stopped by Logan Thompson without a rebound.
2:15 of 3rd period - Alex DeBrincat wins face-off versus Ilya Mikheyev in Warheads zone.
2:22 of 3rd period - Shot by Alex DeBrincat.
2:22 of 3rd period - Shot Misses the Net.
2:29 of 3rd period - Nicolas Roy is hit by Kyle Connor and loses puck.
2:38 of 3rd period - Shot by Nicolas Roy.
2:38 of 3rd period - Shot Misses the Net.
2:59 of 3rd period - Off-side.
3:00 of 3rd period - Connor McDavid wins face-off versus Jeff Carter in neutral zone.
3:11 of 3rd period - Shot by Tage Thompson.
3:11 of 3rd period - Deflect By Connor McDavid.
3:11 of 3rd period - Stopped by Logan Thompson without a rebound.
3:12 of 3rd period - Thomas Novak wins face-off versus Robert Thomas in Warheads zone.
3:19 of 3rd period - Shot by Thomas Novak.
3:19 of 3rd period - Shot Blocked by Timothy Liljegren.
3:22 of 3rd period - Icing by Jake Walman.
3:23 of 3rd period - Robert Thomas wins face-off versus Connor McDavid in Warheads zone.
3:28 of 3rd period - Patrice Bergeron is hit by Lawson Crouse and loses puck.
3:59 of 3rd period - Icing by Timothy Liljegren.
4:00 of 3rd period - Robert Thomas wins face-off versus Matthew Beniers in Warheads zone.
4:11 of 3rd period - Jake Walman is hit by Alex DeBrincat and loses puck.
4:39 of 3rd period - Icing by Kyle Connor.
4:40 of 3rd period - Jeff Carter wins face-off versus Matthew Beniers in Fucksticks zone.
4:41 of 3rd period - Shot by Mitchell Marner.
4:41 of 3rd period - Stopped by Ilya Sorokin without a rebound.
4:42 of 3rd period - Brock Knuckledunker wins face-off versus Connor McDavid in Fucksticks zone.
4:42 of 3rd period - Brock Knuckledunker is hit by Mulvinder BitchTits.
4:53 of 3rd period - Rasmus Dahlin is hit by Jacob Middleton and loses puck.
5:08 of 3rd period - Shot by Jack McBain.
5:08 of 3rd period - Shot Blocked by Rasmus Dahlin.
5:14 of 3rd period - Brock Knuckledunker is hit by Tage Thompson and loses puck.
5:24 of 3rd period - Icing by Jacob Middleton.
5:25 of 3rd period - Jack McBain wins face-off versus Matthew Beniers in Warheads zone.
6:06 of 3rd period - Shot by Ilya Mikheyev.
6:06 of 3rd period - Shot Misses the Net.
6:50 of 3rd period - Icing by Jake Walman.
6:51 of 3rd period - Robert Thomas wins face-off versus Connor McDavid in Warheads zone.
6:59 of 3rd period - Shot by Connor McDavid.
6:59 of 3rd period - Shot Misses the Net.
7:03 of 3rd period - Shot by David Pastrnak.
7:03 of 3rd period - Stopped by Logan Thompson without a rebound.
7:04 of 3rd period - Patrice Bergeron wins face-off versus Jeff Carter in Warheads zone.
7:13 of 3rd period - Shot by Jeff Carter.
7:13 of 3rd period - Stopped by Ilya Sorokin without a rebound.
7:14 of 3rd period - Thomas Novak wins face-off versus Brock Knuckledunker in Fucksticks zone.
7:14 of 3rd period - Thomas Novak is hit by Jack McBain.
8:18 of 3rd period - Cam Fowler is hit by Mark Stone and loses puck.
8:35 of 3rd period - Icing by Rasmus Dahlin.
8:36 of 3rd period - Nicolas Roy wins face-off versus Thomas Novak in Fucksticks zone.
8:37 of 3rd period - Shot by Ilya Mikheyev.
8:37 of 3rd period - Stopped by Ilya Sorokin with a rebound.
8:44 of 3rd period - Rasmus Dahlin is hit by Nicolas Roy and loses puck.
9:15 of 3rd period - David Pastrnak is hit by Nicolas Roy and loses puck.
9:49 of 3rd period - Jeff Carter is hit by Mark Giordano.
9:58 of 3rd period - Shot by Mitchell Marner.
9:58 of 3rd period - Stopped by Ilya Sorokin without a rebound.
9:59 of 3rd period - Robert Thomas wins face-off versus Matthew Beniers in Fucksticks zone.
10:17 of 3rd period - Shot by Robert Thomas.
10:17 of 3rd period - Shot Misses the Net.
10:33 of 3rd period - Off-side.
10:34 of 3rd period - Patrice Bergeron wins face-off versus Nicolas Roy in neutral zone.
10:52 of 3rd period - Nicolas Roy is hit by J.J. Moser.
10:54 of 3rd period - Shot by Lukas Reichel.
10:54 of 3rd period - Shot Blocked by Mark Giordano.
11:25 of 3rd period - Mitchell Marner is hit by Mark Giordano and loses puck.
12:18 of 3rd period - Shot by Lucas Raymond.
12:18 of 3rd period - Shot Misses the Net.
12:20 of 3rd period - Shot by Cam Fowler.
12:20 of 3rd period - Shot Blocked by Mulvinder BitchTits.
12:42 of 3rd period - Lawson Crouse is hit by Alex DeBrincat and loses puck.
13:15 of 3rd period - Mark Stone is hit by Nicolas Roy and loses puck.
13:20 of 3rd period - Shot by Lukas Reichel.
13:20 of 3rd period - Stopped by Ilya Sorokin without a rebound.
13:21 of 3rd period - Jeff Carter wins face-off versus Thomas Novak in Fucksticks zone.
13:36 of 3rd period - Shot by John Carlson.
13:36 of 3rd period - Shot Misses the Net.
13:38 of 3rd period - Shot by Andrei Kuzmenko.
13:38 of 3rd period - Stopped by Logan Thompson with a rebound.
13:40 of 3rd period - Shot by Thomas Novak.
13:40 of 3rd period - Shot Misses the Net.
13:46 of 3rd period - Shot by Thomas Novak.
13:46 of 3rd period - Shot Misses the Net.
13:48 of 3rd period - Shot by MacKenzie Weegar.
13:48 of 3rd period - Stopped by Logan Thompson with a rebound.
13:50 of 3rd period - Shot by Mark Stone.
13:50 of 3rd period - Shot Misses the Net.
13:52 of 3rd period - Shot by Thomas Novak.
13:52 of 3rd period - Goal by Thomas Novak - Warheads : 2 - Fucksticks : 2.
13:53 of 3rd period - Connor McDavid wins face-off versus Ilya Mikheyev in neutral zone.
14:10 of 3rd period - Shot by Jake Walman.
14:10 of 3rd period - Shot Misses the Net.
14:12 of 3rd period - Shot by Lukas Reichel.
14:12 of 3rd period - Stopped by Ilya Sorokin with a rebound.
14:28 of 3rd period - Shot by Nicolas Roy.
14:28 of 3rd period - Shot Misses the Net.
14:32 of 3rd period - Shot by Ilya Mikheyev.
14:32 of 3rd period - Stopped by Ilya Sorokin with a rebound.
14:49 of 3rd period - Icing by John Marino.
14:50 of 3rd period - Matthew Beniers wins face-off versus Robert Thomas in Warheads zone.
14:55 of 3rd period - Shot by Matthew Beniers.
14:55 of 3rd period - Shot Misses the Net.
15:40 of 3rd period - Brock Knuckledunker is hit by MacKenzie Weegar and loses puck.
15:45 of 3rd period - Shot by Mitchell Marner.
15:45 of 3rd period - Stopped by Ilya Sorokin without a rebound.
15:46 of 3rd period - Nicolas Roy wins face-off versus Thomas Novak in Fucksticks zone.
17:12 of 3rd period - Shot by Mitchell Marner.
17:12 of 3rd period - Stopped by Ilya Sorokin without a rebound.
17:13 of 3rd period - Robert Thomas wins face-off versus Kyle Connor in Fucksticks zone.
17:34 of 3rd period - Shot by Alex DeBrincat.
17:34 of 3rd period - Shot Misses the Net.
17:48 of 3rd period - Shot by Alex DeBrincat.
17:48 of 3rd period - Stopped by Logan Thompson without a rebound.
17:49 of 3rd period - Thomas Novak wins face-off versus Mitchell Marner in Warheads zone.
17:53 of 3rd period - Minor Penalty to Jack McBain for Roughing.
17:54 of 3rd period - Connor McDavid wins face-off versus Mitchell Marner in Warheads zone.
18:09 of 3rd period - Shot by Tage Thompson.
18:09 of 3rd period - Shot Misses the Net.
18:11 of 3rd period - Shot by Mulvinder BitchTits.
18:11 of 3rd period - Stopped by Logan Thompson with a rebound.
18:42 of 3rd period - Connor McDavid is hit by Jeremy Lauzon.
19:54 of 3rd period - Icing by Mulvinder BitchTits.
19:55 of 3rd period - Nicolas Roy wins face-off versus Andrei Kuzmenko in Fucksticks zone.
19:56 of 3rd period - Shot by Lukas Reichel.
19:56 of 3rd period - Stopped by Ilya Sorokin with a rebound.
Goals for this period are 1 for Warheads vs 1 for Fucksticks.
Shots for this period are 12 for Warheads vs 10 for Fucksticks.

Overtime #1


0:01 of 1st overtime period - Brock Knuckledunker wins face-off versus Connor McDavid in neutral zone.
0:12 of 1st overtime period - Shot by Mitchell Marner.
0:12 of 1st overtime period - Stopped by Ilya Sorokin without a rebound.
0:13 of 1st overtime period - Connor McDavid wins face-off versus Brock Knuckledunker in Fucksticks zone.
0:13 of 1st overtime period - Connor McDavid is hit by Mitchell Marner.
0:36 of 1st overtime period - Shot by David Pastrnak.
0:36 of 1st overtime period - Stopped by Logan Thompson without a rebound.
0:37 of 1st overtime period - Connor McDavid wins face-off versus Brock Knuckledunker in Warheads zone.
1:03 of 1st overtime period - Off-side.
1:04 of 1st overtime period - Robert Thomas wins face-off versus Tage Thompson in neutral zone.
1:31 of 1st overtime period - Shot by Tage Thompson.
1:31 of 1st overtime period - Shot Misses the Net.
1:33 of 1st overtime period - Shot by Tage Thompson.
1:33 of 1st overtime period - Goal by Tage Thompson - Warheads : 2 - Fucksticks : 3.
Goals for this period are 0 for Warheads vs 1 for Fucksticks.
Shots for this period are 1 for Warheads vs 2 for Fucksticks.